 Dungeon Crawl Stone Soup version 0.24-a0-378-g94936e539c (webtiles) character file.

Game seed: 13475523989087336284

6027 Gargoyl the Cleaver (level 10, -13/84 HPs)
             Began as a Centaur Abyssal Knight on June 1, 2019.
             Was the Champion of Lugonu.
             Mangled by a white ugly thing (27 damage)
             ... on level 9 of the Dungeon.
             The game lasted 00:17:44 (9735 turns).

Gargoyl the Cleaver (Centaur Abyssal Knight)        Turns: 9735, Time: 00:17:46

Health: -13/84     AC: 19    Str: 16    XL:     10   Next: 56%
Magic:  15/15      EV: 12    Int: 21    God:    Lugonu [******]
Gold:   395        SH:  0    Dex: 14    Spells: 9/9 levels left

rFire    . . .     SeeInvis +   v - +3 battleaxe
rCold    . . .     Gourm    .   (shield currently unavailable)
rNeg     . . .     Faith    .   n - +5 ring mail of the Abyss {Int+8 SInv}
rPois    .         Spirit   .   r - +0 helmet of Fun and Games {Dex+3 Stlth+} (curse)
rElec    +         Reflect  .   z - +0 cloak
rCorr    .         Harm     .   C - +1 pair of gloves
MR       .....                  (no barding)
Stlth    ++........             g - amulet of regeneration
HPRegen  0.64/turn              b - +3 ring of protection
MPRegen  0.14/turn              (no ring)

@: very quick
A: large, fangs 1, hooves 3, clever 1, deformed body, speed 2, electricity
resistance, tough skin 3, evolution 1, no potion heal 1, sturdy frame 1
a: Depart the Abyss, Bend Space, Banish, Corrupt, Enter the Abyss, Brand Weapon
With Distortion, Renounce Religion


You were on level 9 of the Dungeon.
You worshipped Lugonu.
Lugonu was exalted by your worship.
You were not hungry.

You visited 1 branch of the dungeon, and saw 10 of its levels.
You visited the Abyss 1 time.
You also visited: Sewer and Ossuary.

You collected 611 gold pieces.
You spent 216 gold pieces at shops.

Inventory:

Hand Weapons
 a - a +1 hand axe
 e - a +0 war axe
 v - a +3 battleaxe (weapon)
 y - a +0 broad axe
Missiles
 q - 6 boomerangs (quivered)
Armour
 n - the +5 ring mail of the Abyss (worn) {Int+8 SInv}
   (You bought it in a shop on level 4 of the Dungeon)

   It affects your intelligence (+8).
   It lets you see invisible.
 r - the cursed +0 helmet of Fun and Games (worn) {Dex+3 Stlth+}
   (You took it off Robin on level 4 of the Dungeon)

   It affects your dexterity (+3).
   It makes you more stealthy.
   It has a curse placed upon it.
 z - a +0 cloak (worn)
 C - a +1 pair of gloves (worn)
Jewellery
 b - a +3 ring of protection (left hand)
 g - an amulet of regeneration (around neck)
Wands
 d - a wand of digging (2)
Scrolls
 i - a scroll of enchant armour
 j - a scroll of identify
 m - a scroll of teleportation
 o - 3 scrolls of fog
 t - a scroll of fear
 w - a scroll of blinking {unknown}
 x - a scroll of remove curse
 B - a scroll of brand weapon {unknown}
Potions
 f - a potion of brilliance
 h - 2 potions of might
 k - 4 potions of haste
 p - 4 potions of agility
 s - 2 potions of magic
 u - a potion of mutation
Comestibles
 c - 14 rations


   Skills:
 + Level 6.3 Fighting
 + Level 8.6 Axes
 + Level 1.9 Throwing
 * Level 5.6 Armour
 * Level 5.3 Dodging
 * Level 6.9 Invocations


You had 9 spell levels left.
You didn't know any spells.
Your spell library contained the following spells:

 Spells                   Type           Power        Failure   Level  Hunger
 Apportation              Tloc           #.....       24%         1    ##.....
 Flame Tongue             Conj/Fire      #....        24%         1    ##.....
 Summon Butterflies       Summ           #.......     24%         1    ##.....
 Throw Flame              Conj/Fire      #.....       34%         2    ###....
 Conjure Flame            Conj/Fire      #.......     56%         3    ####...
 Inner Flame              Hex/Fire       #.......     56%         3    ####...
 Lesser Beckoning         Tloc           #.........   56%         3    ####...
 Tukima's Dance           Hex            #.......     56%         3    ####...
 Sticky Flame             Conj/Fire      #.......     93%         4    #####..
 Alistair's Intoxication  Tmut/Pois      #.......     100%        5    ######.
 Fireball                 Conj/Fire      #.........   100%        5    ######.
 Invisibility             Hex            #.......     100%        6    #######


Dungeon Overview and Level Annotations

Branches:
Dungeon (10/15)            Temple (0/1) D:6
   Lair: D:8-11         Orc: D:9-12

Altars:
Cheibriados
Dithmenos
Fedhas
Gozag
Qazlal
Wu Jian
Xom
Zin
The Shining One

Shops:
D:4 [


Innate Abilities, Weirdness & Mutations

You have hooves in place of feet.
Armour fits poorly on your strangely shaped body.
You cover ground very quickly.
You have extremely tough skin. (AC +3)
You have very sharp teeth.
Your mind is acute. (Int +2)
You are resistant to electric shocks. (rElec)
You evolve.
Potions are less effective at restoring your health.
Your movements are slightly less encumbered by armour. (ER -2)


Message History

You hit the centaur warrior but do no damage.
You kick the centaur warrior, but do no damage.
The centaur warrior hits you!
You slash the centaur warrior! You kick the centaur warrior.
The centaur warrior is lightly wounded.
You closely miss the white ugly thing. The centaur warrior hits you.
The white ugly thing headbutts you. The white ugly thing freezes you!!
* * * LOW HITPOINT WARNING * * *
The centaur warrior hits you!
* * * LOW HITPOINT WARNING * * *
The centaur wields a +0 shortbow.
The centaur shoots an arrow.
The arrow hits you but does no damage.
You see here an arrow.
Your system partially rejects the healing.
You feel much better. The centaur warrior hits you.
* * * LOW HITPOINT WARNING * * *
The white ugly thing headbutts you.
* * * LOW HITPOINT WARNING * * *
The white ugly thing freezes you!!
You die...

# #.......#
##.##......# ###
###.......# ...
..........####
#.#####...###h.##.##
#..............y...#
#.#..#........o##.###
#.#..#.........#.#oyn
#...@co........##.###
#.#.#u..#......###
#....c..####.#.###
###.....####.....#
###.#..........#
#.######.....# #.#
#.....# ##.## #.....#
#.#.# #######


You could see a white ugly thing, a centaur warrior, a centaur and an orc.

Vanquished Creatures
  Harold (D:8)
  Erica (D:8)
  A hippogriff (D:7)
  A wraith (Ossuary)
  2 ice beasts
  2 orc warriors
  A phantom (D:7)
  A necrophage (D:9)
  3 sky beasts
  A black bear (D:8)
  2 centaurs
  4 ogres
  Blork the orc (D:4)
  4 bullfrogs
  A water moccasin zombie (D:7)
  A scorpion (D:7)
  13 wights
  4 killer bees
  A howler monkey (D:8)
  4 crimson imps
  A centaur zombie (D:7)
  5 hounds
  2 bullfrog zombies
  A centaur skeleton (D:4)
  9 orc priests
  A bullfrog skeleton (D:8)
  A jelly (D:10)
  8 worker ants
  2 iguanas
  9 orc wizards
  A hound zombie (D:6)
  A mummy (Ossuary)
  Robin (D:4)
  9 adders
  4 gnolls (D:3)
  A howler monkey skeleton (D:6)
  3 river rats (D:6)
  A shadow imp (D:9)
  12 oozes (Sewer)
  4 adder skeletons
  4 worms
  2 dart slugs (D:1)
  15 leopard geckos
  45 orcs
  7 ball pythons
  8 bats
  18 giant cockroaches
  13 goblins
  10 hobgoblins
  10 jackals
  8 kobolds
  A quokka (D:7)
  8 frilled lizards
  7 gnoll skeletons (Ossuary)
  A goblin zombie (D:4)
  3 kobold skeletons (Ossuary)
  A leopard gecko skeleton (D:4)
  15 orc skeletons (Ossuary)
  2 quokka skeletons
  A quokka zombie (D:4)
  14 rats
318 creatures vanquished.

Vanquished Creatures (collateral kills)
  A jelly (Abyss:2)
1 creature vanquished.

Vanquished Creatures (others)
  2 withered plants (D:9)
2 creatures vanquished.

Grand Total: 321 creatures vanquished

Notes
Turn   | Place    | Note
-------+----------+-------------------------------------------
     0 | Abyss:1  | Gargoyl the Centaur Abyssal Knight began the quest for the
                  | Orb.
     0 | Abyss:1  | Reached XP level 1. HP: 19/19 MP: 2/2
    96 | Abyss:2  | Noticed a hellwing
   109 | Abyss:2  | Noticed a jelly
   129 | Abyss:2  | Noticed an apocalypse crab
   139 | Abyss:2  | Noticed a wretched star
   139 | Abyss:2  | Killed a jelly
   139 | Abyss:2  | Reached skill level 2 in Axes
   139 | Abyss:2  | Reached XP level 2. HP: 20/26 MP: 3/3
   141 | D:1      | Escaped the Abyss
   474 | D:1      | Reached * piety under Lugonu
   516 | D:1      | Reached XP level 3. HP: 14/31 MP: 4/4
  1272 | D:2      | Reached skill level 1 in Dodging
  1521 | D:2      | Found a blossoming altar of Fedhas.
  1532 | D:2      | Found an ornate altar of the Wu Jian Council.
  1540 | D:2      | Reached ** piety under Lugonu
  1540 | D:2      | Reached XP level 4. HP: 26/40 MP: 5/5
  1648 | D:2      | Found a snail-covered altar of Cheibriados.
  1657 | D:2      | Found a shimmering altar of Xom.
  2056 | D:3      | Noticed a centaur
  2063 | D:3      | Gained mutation: You have very sharp teeth. [potion of
                  | mutation]
  2063 | D:3      | Gained mutation: You evolve. [potion of mutation]
  2063 | D:3      | Gained mutation: You are resistant to electric shocks.
                  | (rElec) [potion of mutation]
  2063 | D:3      | Gained mutation: You are partially covered in icy blue
                  | scales. (AC +2) [potion of mutation]
  2064 | D:3      | Killed a centaur
  2064 | D:3      | Reached XP level 5. HP: 6/46 MP: 5/7
  2306 | D:3      | Noticed a sky beast
  2363 | D:3      | Gained mutation: You have a pair of small horns on your
                  | head. [evolution]
  2378 | D:3      | Killed a sky beast
  2378 | D:3      | Reached skill level 3 in Axes
  2809 | D:3      | Reached XP level 6. HP: 43/52 MP: 8/8
  3096 | D:4      | Found Nungam's Antique Armour Shop.
  3108 | D:4      | Bought a bloodstained ring mail for 216 gold pieces
  3118 | D:4      | Identified the +5 ring mail of the Abyss {Int+8 SInv} (You
                  | bought it in a shop on level 4 of the Dungeon)
  3172 | D:4      | Found a glowing golden altar of the Shining One.
  3316 | D:4      | Noticed Blork the orc
  3341 | D:4      | Killed Blork the orc
  3374 | D:4      | Found a sand-covered staircase.
  3381 | Ossuary  | Entered an ossuary
  3381 | Ossuary  | Noticed a wraith
  3381 | Ossuary  | Noticed a wraith
  3381 | Ossuary  | Noticed a wraith
  3398 | Ossuary  | Reached *** piety under Lugonu
  3532 | Ossuary  | Noticed a wraith
  3552 | Ossuary  | Killed a wraith
  3552 | Ossuary  | Reached skill level 4 in Axes
  3552 | Ossuary  | Reached XP level 7. HP: 32/59 MP: 9/9
  3832 | D:4      | Identified the cursed +0 helmet of Fun and Games {Dex+3
                  | Stlth+}
  3832 | D:4      | Noticed Robin
  3848 | D:4      | Killed Robin
  3848 | D:4      | Reached **** piety under Lugonu
  3946 | D:4      | Gained mutation: Your mind is acute. (Int +2) [evolution]
  4311 | D:5      | Entered Level 5 of the Dungeon
  4766 | D:5      | Reached XP level 8. HP: 62/67 MP: 11/11
  4786 | D:5      | Reached skill level 5 in Axes
  5518 | D:6      | Found a glowing silver altar of Zin.
  5599 | D:6      | Found a glowing drain.
  5604 | D:6      | Reached ***** piety under Lugonu
  5616 | Sewer    | Entered a sewer
  5965 | Sewer    | Reached skill level 5 in Fighting
  6260 | D:6      | Found a staircase to the Ecumenical Temple.
  6367 | D:6      | Reached skill level 5 in Invocations
  6616 | D:6      | Reached skill level 6 in Axes
  6691 | D:6      | Lost mutation: You have a pair of small horns on your head.
                  | [potion of mutation]
  6691 | D:6      | Lost mutation: You are partially covered in icy blue
                  | scales. (AC +2) [potion of mutation]
  6691 | D:6      | Gained mutation: Potions are less effective at restoring
                  | your health. [potion of mutation]
  6691 | D:6      | Gained mutation: Your movements are slightly less
                  | encumbered by armour. (ER -2) [potion of mutation]
  6982 | D:6      | Reached XP level 9. HP: 19/74 MP: 12/12
  7363 | D:7      | Found an opulent altar of Gozag.
  7476 | D:7      | Found a shadowy altar of Dithmenos.
  8015 | D:7      | Reached skill level 1 in Throwing
  8033 | D:7      | Reached skill level 5 in Armour
  8178 | D:8      | Reached skill level 7 in Axes
  8695 | D:8      | Found a stormy altar of Qazlal.
  8757 | D:8      | Noticed Erica
  8769 | D:8      | Killed Erica
  8769 | D:8      | Reached XP level 10. HP: 73/83 MP: 14/14
  8777 | D:8      | Reached skill level 5 in Dodging
  8793 | D:8      | Reached skill level 8 in Axes
  8795 | D:8      | Reached ****** piety under Lugonu
  9016 | D:8      | Noticed Harold
  9030 | D:8      | Killed Harold
  9417 | D:10     | Entered Level 10 of the Dungeon
  9728 | D:9      | Noticed a centaur warrior
  9728 | D:9      | Noticed a white ugly thing
  9735 | D:9      | Mangled by a white ugly thing

Levels and vault maps discovered:
D:1:      scummos_arrival_simple_fountains, layout_basic
D:2:      layout_rooms, grunt_temple_overflow_cloverleaf
D:3:      layout_loops_cross, first_ration
D:4:      layout_basic, tso_metal_star, enter_ossuary_4, serial_shops,
          nicolae_shop_window_shopping, uniq_blork_the_orc, uniq_robin
D:5:      layout_basic, chequers_serial_rivers_small_b
D:6:      layout_layer_cave, overflow_temple_1_default,
          minmay_temple_entry_large_hall, portal_sewer_entry_e,
          item_on_display_a
D:7:      layout_loops_cross, grunt_dithmenos_shadows,
          overflow_temple_1_default, kennysheep_dice
D:8:      layout_loops_ring, overflow_temple_1_default, uniq_erica, uniq_harold
D:9:      minmay_the_grid_square_5x5_4x4 [minmay_the_grid_square_5x5_slash,
          minmay_the_grid_square_5x5_c, minmay_the_grid_square_5x5_minimal,
          minmay_the_grid_square_5x5_sharp_hourglass,
          minmay_the_grid_square_5x5_bracketed,
          minmay_the_grid_square_5x5_prize_monsterx,
          minmay_the_grid_square_5x5_prize_deathbox,
          minmay_the_grid_square_5x5_inset, minmay_the_grid_square_5x5_one_wall,
          minmay_the_grid_square_5x5_prize_rear_guard,
          minmay_the_grid_square_5x5_prize_junk,
          minmay_the_grid_square_5x5_fat_x,
          minmay_the_grid_square_5x5_misaligned,
          minmay_the_grid_square_5x5_longway,
          minmay_the_grid_square_5x5_six_small,
          minmay_the_grid_square_5x5_forky], layout_loops_cross,
          kiku_gazebo_garden_becter, uniq_joseph
D:10:     layout_irregular_city, lair_entry_dummy, erik_orc_4, glass_columns_c

Skill      XL: |  1  2  3  4  5  6  7  8  9 10 |
---------------+-------------------------------+-----
Axes           | 2 3 4 6 7 8 |  8.6
Dodging        | 1 2 3 4 5 |  5.3
Armour         | 2 3 4 5 |  5.6
Fighting       | 4 5 6 |  6.3
Invocations    | 3 4 5 6 |  6.9
Throwing       | 1 |  1.9

Action                   |  1- 3 |  4- 6 |  7- 9 | 10-12 || total
-------------------------+-------+-------+-------+-------++-------
Melee: Hand axe          |   112 |   153 |   605 |       ||   870
       Kick              |    17 |    37 |   162 |    33 ||   249
       Headbutt          |       |    14 |    55 |       ||    69
       Bite              |       |     9 |    50 |    17 ||    76
       Battleaxe         |       |       |    51 |   113 ||   164
Throw: Boomerang         |       |       |    32 |     7 ||    39
Invok: Depart the Abyss  |     1 |       |       |       ||     1
       Bend Space        |       |       |       |     1 ||     1
Evoke: Phantom mirror    |     1 |       |       |       ||     1
       Wand              |       |       |     1 |       ||     1
  Use: Scroll            |     4 |     5 |     8 |       ||    17
       Potion            |       |     2 |     6 |     2 ||    10
 Stab: Sleeping          |       |       |     1 |       ||     1
  Eat: Chunk             |     1 |     6 |    14 |     3 ||    24
Armor: Leather armour    |     7 |       |       |       ||     7
       Scale mail        |    69 |    78 |       |       ||   147
       Ring mail         |       |    31 |   384 |    73 ||   488
Dodge: Dodged            |    61 |    61 |   384 |    94 ||   600

Table legend:
 A = Non-vault XP
 B = Vault XP
 C = Vault XP percentage of total XP
 D = Non-vault monster count
 E = Vault monster count
 F = Vault count percentage of total count
                 A         B        C        D         E       F
            +---------+---------+-------+---------+---------+-------
      Total |    5538 |    3072 |  35.7 |     219 |     100 |  31.3
            +---------+---------+-------+---------+---------+-------
        D:1 |      48 |       0 |   0.0 |      28 |       0 |   0.0
        D:2 |      38 |       0 |   0.0 |      21 |       0 |   0.0
        D:3 |     359 |       0 |   0.0 |      23 |       0 |   0.0
        D:4 |     208 |     140 |  40.2 |      14 |      15 |  51.7
        D:5 |     991 |       0 |   0.0 |      29 |       0 |   0.0
        D:6 |     461 |      47 |   9.3 |      16 |       8 |  33.3
        D:7 |    1347 |     129 |   8.7 |      31 |       1 |   3.1
        D:8 |    1611 |    1931 |  54.5 |      47 |       2 |   4.1
        D:9 |     347 |     335 |  49.1 |       7 |       4 |  36.4
       D:10 |     106 |       0 |   0.0 |       2 |       0 |   0.0
    Abyss:2 |      22 |       0 |   0.0 |       1 |       0 |   0.0
      Sewer |       0 |     242 | 100.0 |       0 |      43 | 100.0
    Ossuary |       0 |     248 | 100.0 |       0 |      27 | 100.0
            +---------+---------+-------+---------+---------+-------
